 Dungeon Crawl Stone Soup version 0.18.1-6-gd335043 (console) character file.

26 lynn the Chopper (level 2, 0/39 HPs)
             Began as a Minotaur Berserker on May 16, 2016.
             Was a Follower of Trog.
             Slain by Terence
             ... wielding a +0 hand axe of flaming
              (2 damage)
             ... on level 2 of the Dungeon.
             The game lasted 00:01:07 (610 turns).

lynn the Chopper (Minotaur Berserker)                Turns: 610, Time: 00:01:08

Health: 0/39       AC:  2    Str: 26    XL:     2   Next: 89%
Magic:  1/1        EV: 12    Int:  4    God:    Trog [*.....]
Gold:   84         SH:  0    Dex:  9    Spells: 0 memorised, 1 level left

rFire  . . .     SeeInvis .     a - +0 hand axe
rCold  . . .     Gourm    .     b - +0 animal skin {2}
rNeg   . . .     Faith    .     (no shield)
rPois  .         Spirit   .     (helmet restricted)
rElec  .         Dismiss  .     (no cloak)
rCorr  .         Reflect  .     (no gloves)
SustAt .         Harm     .     (no boots)
MR     .....                    (no amulet)
Stlth  ..........               (no ring)
                                (no ring)

@: berserking, very quick, not resistant to hostile enchantments, extremely
unstealthy
A: retaliatory headbutt, horns 2
a: Berserk, Burn Spellbooks, Renounce Religion


You were on level 2 of the Dungeon.
You worshipped Trog.
Trog was aware of your devotion.
You were not hungry.

You visited 1 branch of the dungeon, and saw 2 of its levels.

You collected 84 gold pieces.

Inventory:

Hand Weapons
 a - a +0 hand axe (weapon)
Armour
 b - a +0 animal skin (worn) {2}
Scrolls
 e - a scroll of identify {unknown}
 f - a scroll of immolation {unknown}
 g - a scroll of blinking {unknown}
 i - 3 scrolls of remove curse {unknown}
Potions
 h - 2 potions of might {unknown}
Comestibles
 c - a bread ration
 d - a chunk of flesh
 j - a meat ration


   Skills:
 - Level 3.6 Fighting
 + Level 5.0 Axes
 - Level 2.4 Armour
 - Level 2.1 Dodging


You had one spell level left.
You didn't know any spells.

Dungeon Overview and Level Annotations

Branches:
Dungeon (2/15)

Altars:

Annotations:
D:2 Ijyb, Terence


Innate Abilities, Weirdness & Mutations

You reflexively headbutt those who attack you in melee.
You have a pair of horns on your head.


Message History

Terence is moderately wounded.
Terence hits you with a hand axe of flaming.
Terence burns you.
You hit Terence but do no damage. You headbutt Terence, but do no damage.
Terence is moderately wounded.
Terence hits you with a hand axe of flaming.
Terence burns you.
You hit Terence but do no damage.
Terence is moderately wounded.
A red film seems to cover your vision as you go berserk!
You feel yourself moving faster!
You feel mighty!
You feel somewhat more hungry.
Terence hits you with a hand axe of flaming!
* * * LOW HITPOINT WARNING * * *
Terence burns you.
* * * LOW HITPOINT WARNING * * *
You hit Terence. You headbutt Terence.
Terence is heavily wounded.
Terence hits you with a hand axe of flaming.
You die...

#......#..........
+.....................##
#...........####........
+......)....# #.....)..
#...........# #........
+......#....# #........
#......#....# #........
.......#....# #.@......
.......#.[..# #ð.......
.#####.#....####........
#.###.....'.$......
#######..).....
....##..# ##### .. #


You could see Terence.

Vanquished Creatures
  An ooze (D:1)
  2 dart slugs (D:1)
  A giant gecko (D:1)
  2 bats
  4 goblins
  2 hobgoblins (D:1)
  3 kobolds
  A giant newt (D:1)
16 creatures vanquished.

Notes
Turn   | Place    | Note
--------------------------------------------------------------
     0 | D:1      | lynn the Minotaur Berserker began the quest for the Orb.
     0 | D:1      | Reached XP level 1. HP: 19/19 MP: 0/0
    41 | D:1      | Reached skill level 4 in Axes
    95 | D:1      | Reached XP level 2. HP: 16/26 MP: 1/1
   524 | D:2      | Found a faded altar to an unknown god.
   536 | D:2      | Noticed Ijyb
   579 | D:2      | Reached skill level 5 in Axes
   598 | D:2      | Noticed Terence
   610 | D:2      | Slain by Terence

Skill      XL: |  1  2 |
---------------+-------+-----
Axes           | 4 5 |  5.0
Fighting       | |  3.6
Armour         | |  2.4
Dodging        | |  2.1

Action                   || total
-------------------------++-------
Melee: Hand axe          ||    41
       Headbutt          ||     7
Invok: Berserk           ||     1
Armor: Animal skin       ||     3
Dodge: Dodged            ||    20

Vault maps used:
D:1:      ncdulo_halloftheorcs
D:2:      amethyst_overflow_temple_binary, tgw_xom, ecumenical_altar_1,
          uniq_iyjb, uniq_terence
